 Dungeon Crawl Stone Soup version 0.27.1-1-g398f81649c (webtiles) character file.

Game seed: 13193007122225851020

48 jondo1214 the Grave Robber (level 3, -5/26 HPs)
             Began as a Hill Orc Necromancer on Sept 13, 2021.
             Slain by Sigmund (8 damage)
             ... on level 2 of the Dungeon.
             The game lasted 00:06:50 (2009 turns).

jondo1214 the Grave Robber (Hill Orc Necromancer)   Turns: 2009, Time: 00:06:51

Health: -5/26      AC:  2    Str: 10    XL:     3   Next: 72%
Magic:  3/6        EV: 12    Int: 16    God:
Gold:   56         SH:  0    Dex: 11    Spells: 1/6 levels left

rFire    . . .     SeeInvis .   b - +0 mace
rCold    . . .     Faith    .   (no shield)
rNeg     . . .     Spirit   .   a - +0 robe
rPois    .         Reflect  .   (no helmet)
rElec    .         Harm     .   (no cloak)
rCorr    .         Rampage  .   (no gloves)
Will     .....                  (no boots)
Stlth    ++........             (no amulet)
HPRegen  0.08/turn              (no ring)
MPRegen  0.10/turn              (no ring)

@: no status effects
A: no striking features
a: no special abilities


You were on level 2 of the Dungeon.
You visited 1 branch of the dungeon, and saw 2 of its levels.

You collected 56 gold pieces.

Inventory:

Hand Weapons
 b - a +0 mace (weapon)
Armour
 a - a +0 robe (worn)
Scrolls
 g - a scroll of teleportation {unknown}
Potions
 c - a potion of invisibility {unknown}
 d - a potion of mutation {unknown}
 e - 4 potions of heal wounds {unknown}
 f - a potion of degeneration {unknown}
 h - a potion of curing {unknown}


   Skills:
 + Level 0.1 Maces & Flails
 * Level 0.6 Armour
 + Level 1.5 Dodging
 * Level 2.0 Stealth
 * Level 2.1 Spellcasting
 * Level 4.6 Necromancy


You had one spell level left.
You knew the following spells:

 Your Spells              Type           Power      Damage    Failure   Level
a - Pain                  Necr           64%        1d7       3%          1
b - Animate Skeleton      Necr           32%        N/A       3%          1
c - Vampiric Draining     Necr           8%         2d7       9%          3

Your spell library contained the following spells:

 Spells                   Type           Power      Damage    Failure   Level
 Animate Dead             Necr           8%         N/A       30%         4
 Agony                    Necr           16%        N/A       63%         5


Dungeon Overview and Level Annotations

Branches:
Dungeon (2/15)

Altars:

Annotations:
D:2 Sigmund


Message History

Sigmund gestures wildly while chanting.
Sigmund flickers and vanishes!
Deactivating autopickup; reactivate with Ctrl-A.
Your bat skeleton barely misses the hobgoblin.
The hobgoblin closely misses you.
You barely miss the hobgoblin.
Your bat skeleton barely misses the hobgoblin. x3
A jackal comes into view.
The hobgoblin hits you.
Your bat skeleton barely misses the hobgoblin.
A jackal comes into view.
You hit the hobgoblin but do no damage.
Your bat skeleton barely misses the hobgoblin.
Your bat skeleton closely misses the hobgoblin.
Your bat skeleton hits the hobgoblin but does no damage.
The hobgoblin misses you. Something hits you.
Your bat skeleton hits the hobgoblin.
The hobgoblin barely misses your bat skeleton.
You hit the hobgoblin.
You kill the hobgoblin!
Something hits you!
* * * LOW HITPOINT WARNING * * *
The ball python barely misses you. The ball python grabs you.
The ball python constricts you.
* * * LOW HITPOINT WARNING * * *
A hobgoblin comes into view.
Your Stealth skill increases to level 2!
Casting: Animate Skeleton (safe; 3% risk of failure)
Confirm with . or Enter, or press ? or * to list all spells.
The spell is quite dangerous to cast (9% risk of failure)!
Continue anyway?
Aiming: Vampiric Draining (quite dangerous; 9% risk of failure)
Press: ? - help, Shift-Dir - straight line, f - ball python
Aim: a ball python (constricting you)
You draw life force from the ball python!
You kill the ball python!
You feel life coursing into your body.
The hobgoblin shouts!
You hear a bark!
You hear some strange, mumbled words.
Something tries to affect you, but you resist.
Something hits you!
You die...

######## #......#..
#.####.#.# . #.# #.#.#
g. #.# #.#.# ...
#########.####.#.# ....
....Z.....#....#.# .....
###########.####Z#......
............@h.h....
#######.#######+#..# #..
#########..# #......
...# #..... .#.# #
#....###. .#
#.#.....##.#.#
#..<.......#


You could see 2 jackals, a hobgoblin and a friendly bat skeleton.

Vanquished Creatures
  A worm (D:2)
  7 ball pythons
  A bat (D:2)
  An endoplasm (D:2)
  A giant cockroach (D:1)
  4 goblins
  6 hobgoblins
  2 jackals (D:1)
  7 kobolds
  3 quokkas
  2 frilled lizards (D:1)
  5 rats
40 creatures vanquished.

Vanquished Creatures (collateral kills)
  A dart slug (D:1)
  2 bats (D:1)
3 creatures vanquished.

Grand Total: 43 creatures vanquished

Notes
Turn   | Place    | Note
-------+----------+-------------------------------------------
     0 | D:1      | jondo1214 the Hill Orc Necromancer began the quest for the
                  | Orb.
     0 | D:1      | Reached XP level 1. HP: 14/14 MP: 3/3
     6 | D:1      | Learned a level 1 spell: Animate Skeleton
   281 | D:1      | Reached XP level 2. HP: 6/20 MP: 2/4
   536 | D:1      | Found a faded altar of an unknown god.
   769 | D:1      | HP: 1/20 [goblin (3)]
   772 | D:1      | Reached XP level 3. HP: 1/26 MP: 3/5
  1234 | D:1      | Learned a level 3 spell: Vampiric Draining
  2003 | D:2      | Noticed Sigmund
  2009 | D:2      | Slain by Sigmund

Illustrated notes

Levels and vault maps discovered:
D:1:      dpeg_arrival_morbid_curiosity, layout_rooms,
          shapermc_ecumenical_altar_acropolis
D:2:      layout_basic, uniq_sigmund, uniq_terence

Skill      XL: |  1  2  3 |
---------------+----------+-----
Spellcasting   | 2 |  2.1
Stealth        | 2 |  2.0
Maces & Flails | |  0.1
Armour         | |  0.6
Dodging        | |  1.5
Necromancy     | |  4.6

Action                   || total
-------------------------++-------
Melee: Unarmed           ||    12
       Mace              ||    69
 Cast: Pain              ||    33
       Animate Skeleton  ||    18
       Vampiric Draining ||     3
 Stab: Sleeping          ||     1
Armor: Robe              ||    21
Dodge: Dodged            ||    77
